[Event "Titled Tuesday Blitz April 26 Late 2022"]
[White "Adewumi, Tanitoluwa"]
[Black "Andreikin, Dmitry"]
[WhiteFideId "30966396"]
[BlackFideId "4158814"]
[WhiteElo "2553"]
[BlackElo "2736"]
[Result "1/2-1/2"]
[Round "01"]
[TimeControl "180+1"]
[Date "2022.04.26"]
[WhiteClock "0:00:05"]
[BlackClock "0:00:45"]

1. e4 c5 2. Nf3 e6 3. d4 cxd4 4. Nxd4 Nc6 5. Nc3 Qc7 6. Be3 a6 7. Qf3 Nf6 8. O-O-O Rb8 9. Qg3 Qxg3 10. hxg3 Ng4 11. Nxc6 bxc6 12. Ba7 Rb7 13. Bd4 e5 14. Bxa6 exd4 15. Bxb7 Bxb7 16. Rxd4 Bc5 17. Rd2 Nxf2 18. Rh4 Be3 19. Rf4 Bxf4 20. gxf4 Ng4 21. e5 f5 22. Na4 Ke7 23. Nc5 Bc8 24. a4 g5 25. a5 gxf4 26. a6 Nxe5 27. a7 Ba6 28. Nxa6 Ra8 29. Re2 Kf6 30. Nc7 Rxa7 31. Ne8+ Ke6 32. Ng7+ Kd5 33. Nxf5 Nc4 34. Kb1 h5 35. b3 Nb6 36. Kb2 Rb7 37. Ne7+ Kc5 38. Nf5 d5 39. Kc3 Nd7 40. Nd4 Nf6 41. Ne6+ Kd6 42. Nxf4 Ne4+ 43. Kb2 h4 44. Ng6 Rh7 45. Re3 Rh6 46. Nf4 Ng5 47. c4 Rf6 48. Nd3 d4 49. Re5 Ne6 50. c5+ Ke7 51. Re4 Kd7 52. Rxh4 Rf5 53. b4 Rg5 54. Rh7+ Kc8 55. Re7 Nc7 56. Ne5 Nd5 57. Re6 Nxb4 58. Nxc6 Nd3+ 59. Kc2 Nxc5 60. Re5 Rxg2+ 61. Kd1 Nd3 62. Rd5 Nb2+ 63. Kc1 d3 64. Ne5 Kc7 65. Nxd3 Na4 66. Rd4 Nb6 67. Nf4 Rh2 68. Nd5+ Kc6 69. Nxb6 Kxb6 70. Rd2 Rxd2 71. Kxd2 1/2-1/2


[Site "https://www.chess.com"]

[Event "Titled Tuesday Blitz April 26 Late 2022"]
[White "Alekseenko, Kirill"]
[Black "Bellissimo, Joseph F."]
[WhiteFideId "4135539"]
[BlackFideId "2609843"]
[WhiteElo "2682"]
[BlackElo "2061"]
[Result "1-0"]
[Round "01"]
[TimeControl "180+1"]
[Date "2022.04.26"]
[WhiteClock "0:01:36"]
[BlackClock "0:00:35"]

1. e4 e6 2. d4 d5 3. Nd2 Nf6 4. e5 Nfd7 5. f4 c5 6. c3 Nc6 7. Ndf3 Qb6 8. h4 cxd4 9. cxd4 Bb4+ 10. Kf2 f6 11. Kg3 O-O 12. Bd3 f5 13. Ne2 a5 14. h5 h6 15. Kh2 Be7 16. a3 a4 17. Qg1 Na5 18. Rb1 Nb3 19. Be3 Qd8 20. g4 Nb6 21. gxf5 exf5 22. Qg6 Nc4 23. Rhg1 Rf7 24. Bxc4 dxc4 25. e6 Bxe6 26. Qxe6 Ra6 27. Qxc4 Rc6 28. Qxa4 Qd5 29. Ne5 Rc2 30. Rg2 Qe4 31. Qe8+ Rf8 32. Rxg7+ Kxg7 33. Qg6+ Kh8 34. Qxh6+ Kg8 35. Rg1+ 1-0


[Site "https://www.chess.com"]

[Event "Titled Tuesday Blitz April 26 Late 2022"]
[White "Alinasab, Mobina"]
[Black "Zhigalko, Sergei"]
[WhiteFideId "12528897"]
[BlackFideId "13502956"]
[WhiteElo "2031"]
[BlackElo "2662"]
[Result "0-1"]
[Round "01"]
[TimeControl "180+1"]
[Date "2022.04.26"]
[WhiteClock "0:00:05"]
[BlackClock "0:00:06"]

1. e4 c5 2. Nf3 Nc6 3. d4 cxd4 4. Nxd4 Nf6 5. Nc3 e5 6. Ndb5 d6 7. Bg5 a6 8. Na3 b5 9. Bxf6 gxf6 10. Nd5 Bg7 11. Bd3 Ne7 12. Nxe7 Qxe7 13. Qh5 f5 14. O-O f4 15. c4 b4 16. Nc2 a5 17. b3 O-O 18. a3 bxa3 19. Rxa3 Rb8 20. Rb1 Qc7 21. Ne1 Kh8 22. Nf3 Be6 23. Ng5 h6 24. Rba1 Kg8 25. Nf3 Rb7 26. Bc2 Ra8 27. Nh4 Bf8 28. Nf5 Kh7 29. R3a2 Qd8 30. Rd1 a4 31. bxa4 Bxc4 32. Raa1 Be6 33. Rab1 Rxb1 34. Rxb1 Qg5 35. Qxg5 hxg5 36. Rd1 Bxf5 37. exf5 Kg7 38. h3 Ra5 39. Bb3 e4 40. Rd5 Ra7 41. Kf1 Rb7 42. Rb5 Rc7 43. Ke2 Rc1 44. a5 Ra1 45. Rb7 d5 46. Bxd5 Bc5 47. Rxf7+ Kh6 48. Rc7 Rxa5 49. Bg8 g4 50. h4 f3+ 51. gxf3 gxf3+ 52. Kd1 Kh5 53. Rh7+ Kg4 54. f6 Bxf2 55. Be6+ Kf4 56. f7 Ra8 57. Rg7 e3 58. Bc4 Rd8+ 59. Kc2 e2 60. Bxe2 fxe2 61. f8=Q+ Rxf8 62. Re7 e1=Q 63. Rxe1 Bxe1 0-1


[Site "https://www.chess.com"]

[Event "Titled Tuesday Blitz April 26 Late 2022"]
[White "Ansh M Shah"]
[Black "Leitao, Rafael"]
[WhiteFideId "25033379"]
[BlackFideId "2101246"]
[WhiteElo "1819"]
[BlackElo "2609"]
[Result "0-1"]
[Round "01"]
[TimeControl "180+1"]
[Date "2022.04.26"]
[WhiteClock "0:00:12"]
[BlackClock "0:00:47"]

1. d4 Nf6 2. c4 e6 3. Nf3 d5 4. g3 Bb4+ 5. Bd2 Be7 6. Bg2 O-O 7. O-O c6 8. b3 b6 9. Nc3 Ba6 10. cxd5 cxd5 11. Ne5 Nfd7 12. Re1 Nxe5 13. dxe5 Nc6 14. e4 d4 15. Ne2 Nxe5 16. Bf4 Nd3 17. Rf1 Nxf4 18. Nxf4 Bxf1 19. Qxf1 Rc8 20. Qd3 Qc7 21. h4 Rfd8 22. Rd1 Qc2 23. Rd2 Qxd3 24. Nxd3 Rc3 25. f4 Rdc8 26. Kf2 Rc2 27. Ke2 Rxd2+ 28. Kxd2 Rc3 29. h5 h6 30. g4 a5 31. Bf1 f6 32. e5 Kf7 33. Be2 b5 34. f5 exf5 35. gxf5 fxe5 36. Nxe5+ Kf6 37. Nf3 Bb4 38. Bd3 Rxb3+ 39. Kc2 Rc3+ 40. Kd2 Ra3+ 41. Ke2 Rxa2+ 42. Nd2 Rxd2+ 43. Kf3 Rxd3+ 44. Kf4 Re3 45. Kg4 a4 46. Kf4 a3 47. Kg4 a2 48. Kf4 a1=Q 49. Kg4 Qg1+ 50. Kh4 Qh2+ 51. Kg4 Qg3# 0-1


[Site "https://www.chess.com"]

[Event "Titled Tuesday Blitz April 26 Late 2022"]
[White "Babazada, Khazar"]
[Black "Golubev, Mikhail"]
[WhiteFideId "13413554"]
[BlackFideId "14100983"]
[WhiteElo "2406"]
[BlackElo "2374"]
[Result "0-1"]
[Round "01"]
[TimeControl "180+1"]
[Date "2022.04.26"]
[WhiteClock "0:00:10"]
[BlackClock "0:00:52"]

1. Nf3 d6 2. g3 g6 3. Bg2 Bg7 4. O-O e5 5. d4 e4 6. Ng5 d5 7. c4 h6 8. Nh3 dxc4 9. Qa4+ c6 10. Nc3 Nf6 11. Qxc4 O-O 12. Nf4 g5 13. Nh3 Be6 14. Qc5 Na6 15. Qa3 Qd7 16. Nxg5 hxg5 17. Bxg5 Qxd4 18. Qe7 Nd5 19. Nxd5 cxd5 20. h4 Rfe8 21. Qxb7 Nc5 22. Qc7 Rec8 23. Qf4 Be5 24. Qc1 Qxb2 25. Be7 Qxc1 26. Raxc1 Na4 27. Rxc8+ Rxc8 28. h5 Nc3 29. e3 Nxa2 30. Rb1 Rc1+ 0-1


[Site "https://www.chess.com"]

[Event "Titled Tuesday Blitz April 26 Late 2022"]
[White "Bachmann, Axel"]
[Black "Korchmar, Vasiliy"]
[WhiteFideId "3700488"]
[BlackFideId "24131750"]
[WhiteElo "2587"]
[BlackElo "2370"]
[Result "0-1"]
[Round "01"]
[TimeControl "180+1"]
[Date "2022.04.26"]
[WhiteClock "0:00:11"]
[BlackClock "0:00:05"]

1. d4 Nf6 2. g3 d5 3. Nf3 g6 4. c4 c6 5. Bg2 Bg7 6. Qb3 O-O 7. Nc3 a5 8. cxd5 cxd5 9. O-O Nc6 10. Bf4 Ne4 11. Rfd1 Nxc3 12. Qxc3 Qb6 13. Rac1 Nb4 14. Qc7 Qxc7 15. Rxc7 Nxa2 16. Rxe7 b5 17. Ne5 Nb4 18. Rc1 Be6 19. Rb7 Rfc8 20. Rxb5 g5 21. Be3 Rxc1+ 22. Bxc1 Rc8 23. Be3 h6 24. Rxa5 Rc2 25. Ra8+ Kh7 26. Ra7 Rxb2 27. Nxf7 Rb1+ 28. Bf1 Bh3 29. Nxg5+ hxg5 30. Rc7 Rxf1# 0-1


[Site "https://www.chess.com"]

[Event "Titled Tuesday Blitz April 26 Late 2022"]
[White "Balint, Vilmos"]
[Black "Siddharth, Jagadeesh"]
[WhiteFideId "718050"]
[BlackFideId "5818320"]
[WhiteElo "2059"]
[BlackElo "2127"]
[Result "0-1"]
[Round "01"]
[TimeControl "180+1"]
[Date "2022.04.26"]
[WhiteClock "0:00:56"]
[BlackClock "0:00:24"]

1. d4 d5 2. c4 e6 3. cxd5 exd5 4. Bf4 c6 5. Nf3 Qb6 6. Qb3 Nf6 7. Qxb6 axb6 8. Bxb8 Rxb8 9. e3 Ra8 10. a3 b5 11. Bd3 Bd6 12. O-O O-O 13. Nbd2 h6 14. Nb3 Re8 15. Nfd2 b6 16. h3 Bd7 17. Nf3 c5 18. Nbd2 c4 19. Bc2 b4 20. axb4 Bxb4 21. Rfd1 g5 22. Kf1 g4 23. hxg4 Bxg4 24. Ke2 Rxa1 25. Rxa1 Ne4 26. Bxe4 dxe4 27. Nxc4 exf3+ 28. gxf3 Be6 29. Nxb6 Rb8 30. Ra6 Be7 31. d5 Bc5 32. Na4 Bxd5 33. Nxc5 Bc4+ 34. Ke1 Bxa6 35. Nxa6 Rxb2 36. Nc5 h5 37. Nd3 Ra2 38. Kf1 Kg7 39. Kg2 Kh6 40. Nf4 h4 41. Nd3 Kg5 42. Ne5 f5 43. f4+ Kh5 44. Nf3 Ra8 45. Nd4 Rf8 46. Kh3 Rf7 47. Nf3 Kg6 48. Nxh4+ Kf6 49. Kg3 Rg7+ 50. Kf3 Rh7 51. Ng2 Rh3+ 52. Ke2 Ke6 53. Ne1 Kd5 54. Nd3 Rh8 55. Kf3 Ra8 56. Ne5 Ke6 57. Nc4 Rc8 58. Nd2 Rc2 59. Nf1 Kd5 60. Ng3 Ke6 61. Nh5 Kf7 62. Ng3 Kg6 63. Ne2 Ra2 64. Nd4 Ra5 65. Nc6 Rc5 66. Nb4 Kf6 67. Nd3 Rd5 68. Ne1 Rd2 69. Kg3 Ke6 70. Nf3 Kd5 71. Nd4 Ke4 72. Ne6 Rd1 73. Ng5+ Kd5 74. Nf3 Ke4 75. Ng5+ Kd3 76. Kf3 Kd2 77. Ne6 Ke1 78. Ng5 Rd2 79. Nh3 Kf1 80. e4 Rd3# 0-1


[Site "https://www.chess.com"]

[Event "Titled Tuesday Blitz April 26 Late 2022"]
[White "Barria Zuniga, Daniel"]
[Black "Butti, Enrique"]
[WhiteFideId "3400816"]
[BlackFideId "3700470"]
[WhiteElo "2414"]
[BlackElo "2080"]
[Result "1/2-1/2"]
[Round "01"]
[TimeControl "180+1"]
[Date "2022.04.26"]
[WhiteClock "0:00:12"]
[BlackClock "0:00:10"]

1. c4 e5 2. g3 Nc6 3. Bg2 g6 4. Nc3 Bg7 5. Rb1 a5 6. a3 d6 7. b4 axb4 8. axb4 Nf6 9. b5 Ne7 10. d3 O-O 11. Nf3 h6 12. O-O Be6 13. Nd2 Rb8 14. Ba3 b6 15. Bb4 Qd7 16. Re1 Bh3 17. Bh1 Ng4 18. Ra1 f5 19. Ra7 e4 20. dxe4 fxe4 21. Ndxe4 Nf5 22. Nd5 Rbe8 23. Rxc7 Qd8 24. e3 h5 25. Re2 h4 26. Nxd6 Nxd6 27. Bxd6 Qxd6 28. Ne7+ Qxe7 29. Rxe7 Rxe7 30. Qd6 Rxe3 31. Rxe3 Nxe3 32. Qxb6 Ng4 33. Qxg6 Rxf2 34. Bd5+ Kh8 35. Qh5+ Bh6 36. Qe8+ Kg7 37. Qg8+ Kf6 38. Qf7+ Ke5 39. Qxf2 Nxf2 40. Kxf2 hxg3+ 41. Kxg3 Be6 42. Bxe6 Kxe6 43. b6 Kd6 44. Kg4 Kc6 45. c5 Bf8 46. h4 Bxc5 47. Kf5 Kxb6 48. h5 Bd4 49. Kg6 Bc3 50. h6 Bd4 51. h7 Bc3 52. Kf7 Bd4 53. Kg8 Bc3 54. h8=Q Bxh8 1/2-1/2


[Site "https://www.chess.com"]

[Event "Titled Tuesday Blitz April 26 Late 2022"]
[White "Bas Mas, Jose Joaquin"]
[Black "Rozman, Levy"]
[WhiteFideId "22219064"]
[BlackFideId "2039877"]
[WhiteElo "2212"]
[BlackElo "2376"]
[Result "0-1"]
[Round "01"]
[TimeControl "180+1"]
[Date "2022.04.26"]
[WhiteClock "0:00:01"]
[BlackClock "0:00:47"]

1. e4 d5 2. exd5 Nf6 3. d4 Bg4 4. Bb5+ c6 5. dxc6 Nxc6 6. f3 Bf5 7. Ne2 Qa5+ 8. Nbc3 O-O-O 9. Bxc6 bxc6 10. O-O e5 11. Bd2 exd4 12. Ne4 Qb6 13. Kh1 Bxe4 14. fxe4 Nxe4 15. Rxf7 d3 16. Nc3 Nf2+ 17. Rxf2 Qxf2 18. Qg4+ Kb7 19. Ne4 Qe2 20. Qe6 Qh5 21. Bg5 dxc2 22. Qb3+ Bb4 23. Qxc2 Rd5 24. Rc1 Rc8 25. Qb3 a5 26. a3 h6 27. Bf4 Rcd8 28. Nf2 Qe2 29. axb4 Qxf2 30. bxa5+ Ka8 31. Rg1 Qxf4 32. Qb6 Qc4 33. a6 Qb5 34. Qc7 R5d7 0-1


[Site "https://www.chess.com"]

[Event "Titled Tuesday Blitz April 26 Late 2022"]
[White "Batsiashvili, Nino"]
[Black "Bluebaum, Matthias"]
[WhiteFideId "13602993"]
[BlackFideId "24651516"]
[WhiteElo "2192"]
[BlackElo "2550"]
[Result "0-1"]
[Round "01"]
[TimeControl "180+1"]
[Date "2022.04.26"]
[WhiteClock "0:00:36"]
[BlackClock "0:00:47"]

1. d4 Nf6 2. c4 e6 3. Nc3 Bb4 4. Bd2 c5 5. a3 Bxc3 6. Bxc3 Ne4 7. Nf3 Nxc3 8. bxc3 b6 9. e3 Bb7 10. Bd3 O-O 11. O-O Nc6 12. Nd2 Na5 13. Qh5 f5 14. d5 g6 15. Qf3 Qf6 16. Rac1 Rae8 17. e4 Qg5 18. Qe3 Qxe3 19. fxe3 exd5 20. exf5 Rxe3 21. fxg6 Rxf1+ 22. Bxf1 hxg6 23. cxd5 Bxd5 24. Kf2 Re7 25. Bd3 Kg7 26. h4 Nc6 27. Bc4 Ne5 28. Be2 Bc6 29. Rh1 Rf7+ 30. Kg3 Kh6 31. Nf1 d5 32. Ne3 d4 33. cxd4 cxd4 34. Nc4 Nxc4 35. Bxc4 Re7 36. Rd1 Re3+ 37. Kh2 Rxa3 38. Rxd4 Ra4 39. Kg3 b5 40. Bxb5 Rxd4 41. Bxc6 a5 42. Kf3 a4 43. Ke3 a3 44. Kxd4 a2 0-1


[Site "https://www.chess.com"]

[Event "Titled Tuesday Blitz April 26 Late 2022"]
[White "Bordi, Kevin"]
[Black "Melaugh, Shane"]
[WhiteFideId "621862"]
[BlackFideId "2509580"]
[WhiteElo "2760"]
[BlackElo "1972"]
[Result "1-0"]
[Round "01"]
[TimeControl "180+1"]
[Date "2022.04.26"]
[WhiteClock "0:00:51"]
[BlackClock "0:00:11"]

1. e4 e6 2. c4 c5 3. Nf3 Nc6 4. Nc3 e5 5. g3 d6 6. Bg2 Be7 7. O-O Be6 8. Nd5 h5 9. b4 Bxd5 10. cxd5 Nxb4 11. Rb1 Qd7 12. d4 exd4 13. Nxd4 Nxa2 14. Nf5 g6 15. Bb2 Bf6 16. Nxd6+ Qxd6 17. e5 Qd7 18. exf6 O-O-O 19. d6 Nb4 20. Ba3 Qxd6 21. Qf3 Nc6 22. Rfc1 Qxf6 23. Qb3 Rd7 24. Rxc5 Ne7 25. Bb2 Qd6 26. Rxc6+ Nxc6 27. Bxh8 Qd3 28. Bxc6 Qxb3 29. Bxd7+ 1-0


[Site "https://www.chess.com"]

[Event "Titled Tuesday Blitz April 26 Late 2022"]
[White "Bryakin, Mikhail"]
[Black "Prohorov, Olexandr"]
[WhiteFideId "4165314"]
[BlackFideId "14105578"]
[WhiteElo "2417"]
[BlackElo "1993"]
[Result "1/2-1/2"]
[Round "01"]
[TimeControl "180+1"]
[Date "2022.04.26"]
[WhiteClock "0:00:10"]
[BlackClock "0:00:13"]

1. e4 c5 2. Nf3 d6 3. Bb5+ Nd7 4. O-O Nf6 5. d3 e5 6. Nc3 h6 7. a4 Be7 8. a5 a6 9. Bc4 Nf8 10. Bd2 Ne6 11. Nd5 O-O 12. c3 Bd7 13. Nb6 Rb8 14. h3 Kh8 15. b4 cxb4 16. cxb4 Bc6 17. Rc1 Qe8 18. Be3 Nd7 19. Qb3 Nf4 20. Bxf4 exf4 21. Nxd7 Bxd7 22. Bd5 Bd8 23. Rc3 f5 24. Rfc1 fxe4 25. dxe4 Qg6 26. Kh2 Qh5 27. Be6 Bc6 28. Re1 Bf6 29. Rcc1 Rbd8 30. Bd5 Bxd5 31. Qxd5 Qf7 32. Red1 Rd7 33. e5 Qxd5 34. Rxd5 Bg5 35. exd6 Kh7 36. Rc7 Rxc7 37. dxc7 Rc8 38. Rd7 Bf6 39. g3 fxg3+ 40. Kxg3 Bc3 41. Nh4 Rxc7 42. Rxc7 Be5+ 43. Kf3 Bxc7 44. Ke4 Bd6 45. b5 axb5 46. Nf5 Bb4 47. f3 Bxa5 48. Nd6 b6 49. Nxb5 Bb4 50. Kf5 Bc5 51. h4 Kg8 1/2-1/2


[Site "https://www.chess.com"]

[Event "Titled Tuesday Blitz April 26 Late 2022"]
[White "Carrasco Miranda, Andres"]
[Black "Yedidia, Daniel"]
[WhiteFideId "3405990"]
[BlackFideId "30905907"]
[WhiteElo "2177"]
[BlackElo "2598"]
[Result "0-1"]
[Round "01"]
[TimeControl "180+1"]
[Date "2022.04.26"]
[WhiteClock "0:00:41"]
[BlackClock "0:00:48"]

1. d4 Nf6 2. c4 e6 3. g3 c5 4. Nf3 cxd4 5. Nxd4 Nc6 6. Bg2 d5 7. O-O Be7 8. cxd5 exd5 9. Nc3 O-O 10. Bg5 Be6 11. Re1 Nxd4 12. Qxd4 b6 13. Rad1 h6 14. Bf4 Bc5 15. Qd2 Ng4 16. Rf1 g5 17. Be3 Nf6 18. Bd4 Rc8 19. h4 Bxd4 20. Qxd4 Rc4 21. Qxc4 dxc4 22. Rxd8 Rxd8 23. hxg5 hxg5 24. Rd1 Rxd1+ 25. Nxd1 Kf8 26. f4 Nh5 27. fxg5 Nxg3 28. Ne3 Nxe2+ 29. Kf2 Nc1 30. a3 Nd3+ 0-1


[Site "https://www.chess.com"]

[Event "Titled Tuesday Blitz April 26 Late 2022"]
[White "Chigaev, Maksim"]
[Black "Fiorito, Fabian"]
[WhiteFideId "4108116"]
[BlackFideId "100200"]
[WhiteElo "2478"]
[BlackElo "2395"]
[Result "1-0"]
[Round "01"]
[TimeControl "180+1"]
[Date "2022.04.26"]
[WhiteClock "0:00:08"]
[BlackClock "0:00:08"]

1. d4 d5 2. c4 c6 3. Nf3 Nf6 4. g3 g6 5. Bg2 Bg7 6. O-O O-O 7. Nc3 e6 8. b3 b6 9. Qc2 Bb7 10. Rd1 Nbd7 11. e4 dxe4 12. Nxe4 Nxe4 13. Qxe4 Qc8 14. Ne5 Nxe5 15. dxe5 Rb8 16. c5 Qc7 17. f4 Rfd8 18. Be3 Bf8 19. Qc2 Ba8 20. Bf3 Rd7 21. Rxd7 Qxd7 22. Rd1 Qc7 23. Kg2 Rd8 24. Rxd8 Qxd8 25. b4 Bb7 26. h4 h5 27. Be4 bxc5 28. bxc5 Qd7 29. Qd3 Qc7 30. Qa3 Bc8 31. Kf2 Bd7 32. Qb4 Be8 33. a4 Qd7 34. Ke2 Qc7 35. a5 Qc8 36. Bd3 Qc7 37. a6 Be7 38. Qb7 Bd8 39. Bd2 Kf8 40. Be4 Bd7 41. Qb4 Ke8 42. Bd3 Bc8 43. Kf3 Qd7 44. Ke2 Qd5 45. Be3 Bxa6 46. Bxa6 Qa2+ 47. Qd2 Qxa6+ 48. Kf3 Qc4 49. Kf2 Qd5 50. Qb2 Bc7 51. Qb7 Kd7 52. Qxa7 Qc4 53. Qa3 Qc2+ 54. Kf3 Qd1+ 55. Kf2 Qc2+ 56. Ke1 Qg2 57. Bf2 Qh1+ 58. Kd2 Qd5+ 59. Ke2 Qc4+ 60. Qd3+ Qxd3+ 61. Kxd3 Kc8 62. Kc4 Kb7 63. Be1 Ka6 64. Bf2 Kb7 65. Be1 Kc8 66. Bf2 Kd7 67. Be1 Kc8 68. Kd3 Kd7 69. Ke4 Ke7 70. Kf3 Bb8 71. g4 Ba7 72. Bf2 Kf8 73. gxh5 gxh5 74. f5 exf5 75. Kf4 Ke7 76. Kxf5 Bb8 77. Be3 Ba7 78. Bg5+ Ke8 79. Be3 Ke7 80. Bd4 Bb8 81. Bc3 Ba7 82. Bb4 Bb8 83. Ba5 Ba7 84. Bb6 Bb8 85. Ba5 Ba7 86. Bb4 Bb8 87. Bd2 Ba7 88. Be3 Bb8 89. Bg5+ Kd7 90. Kf6 Ke8 91. Be3 Ba7 92. e6 fxe6 93. Kxe6 Bb8 94. Bg5 Bg3 95. Bf6 Bf2 96. Kd6 Kf7 97. Bg5 Bg3+ 98. Kxc6 Ke6 99. Kb7 Kd7 100. c6+ Ke6 101. c7 1-0


[Site "https://www.chess.com"]

[Event "Titled Tuesday Blitz April 26 Late 2022"]
[White "Chuemsakul, Sarocha"]
[Black "Martinez Reyes, Pedro Ramon"]
[WhiteFideId "6203710"]
[BlackFideId "3901807"]
[WhiteElo "1703"]
[BlackElo "2410"]
[Result "0-1"]
[Round "01"]
[TimeControl "180+1"]
[Date "2022.04.26"]
[WhiteClock "0:00:01"]
[BlackClock "0:00:39"]

1. d4 b5 2. e4 Bb7 3. Nd2 a6 4. Ngf3 Nf6 5. Bd3 e6 6. O-O c5 7. c3 Nc6 8. a4 cxd4 9. Nxd4 b4 10. Nxc6 dxc6 11. Qe2 Qc7 12. e5 Nd5 13. Ne4 Qxe5 14. c4 Nf4 15. Bxf4 Qxf4 16. g3 Qe5 17. f4 Qd4+ 18. Kg2 c5 19. Kh3 Qd7 20. Rad1 Qc7 21. Ng5 Be7 22. Be4 Bxg5 23. fxg5 O-O 24. Bxb7 Qxb7 25. Qe5 Qc6 26. Rd6 Qxa4 27. Qxc5 Rac8 28. Qa7 Qc2 29. Rd7 Qg6 30. Qxa6 h6 31. gxh6 Qxh6+ 32. Kg2 Qg6 33. b3 Ra8 34. Qb7 Ra2+ 35. Rf2 Rxf2+ 36. Kxf2 Qc2+ 37. Kg1 Qxb3 38. c5 Qe3+ 39. Kg2 Qxc5 40. Rc7 Qd5+ 41. Qxd5 exd5 42. Rb7 Kh7 43. Rxb4 Rd8 44. Rd4 Kg6 45. Kf3 Kf5 46. Ke3 Ke5 47. Rg4 g6 48. Rg5+ Ke6 49. Kd4 Ra8 50. Re5+ Kf6 51. Rxd5 Ra2 52. h4 Rg2 53. Rg5 Re2 54. Kd3 Re8 55. Ra5 Kg7 56. Rb5 Kh6 57. Ra5 f5 58. Rb5 Re6 59. Ra5 Kh5 60. Rb5 Kg4 61. Ra5 Rf6 0-1


[Site "https://www.chess.com"]

[Event "Titled Tuesday Blitz April 26 Late 2022"]
[White "Chyngyz, Sultai"]
[Black "Hnydiuk, Aleksander"]
[WhiteFideId "13803158"]
[BlackFideId "1109057"]
[WhiteElo "1365"]
[BlackElo "2374"]
[Result "0-1"]
[Round "01"]
[TimeControl "180+1"]
[Date "2022.04.26"]
[WhiteClock "0:01:20"]
[BlackClock "0:01:11"]

1. e4 Nf6 2. Nc3 e5 3. Nf3 Nc6 4. Bc4 Nxe4 5. Nxe4 d5 6. Bxd5 Qxd5 7. Nc3 Qd8 8. d3 Bc5 9. O-O O-O 10. Be3 Bb6 11. Bxb6 axb6 12. Re1 Bg4 13. h3 Bh5 14. g4 Bg6 15. Nxe5 Nxe5 16. Rxe5 f5 17. gxf5 Bxf5 18. Qh5 Qf6 19. Rae1 Bg6 20. Qe2 Qh4 21. Kg2 Bf5 22. Re3 Rf6 23. Re8+ Rxe8 24. Qxe8+ Rf8 25. Qe3 Bxh3+ 26. Kh2 Rxf2+ 27. Kg1 Qg4+ 0-1


[Site "https://www.chess.com"]

[Event "Titled Tuesday Blitz April 26 Late 2022"]
[White "Czopor, Maciej"]
[Black "Oro, Luis"]
[WhiteFideId "21805431"]
[BlackFideId "104094"]
[WhiteElo "1999"]
[BlackElo "2390"]
[Result "1-0"]
[Round "01"]
[TimeControl "180+1"]
[Date "2022.04.26"]
[WhiteClock "0:00:03"]
[BlackClock "0:00:02"]

1. d4 Nf6 2. c4 e6 3. g4 d5 4. g5 Ne4 5. Bg2 Bb4+ 6. Kf1 Nc6 7. h4 f6 8. Qb3 f5 9. Nh3 a5 10. e3 b6 11. Nf4 dxc4 12. Qc2 O-O 13. Nc3 Bxc3 14. bxc3 e5 15. dxe5 Nxe5 16. Ba3 c5 17. Rd1 Qe8 18. Nd5 Qb5 19. Nc7 Qc6 20. Nxa8 Qxa8 21. Kg1 Bb7 22. Qb2 Nd3 23. Qxb6 Ndxf2 24. Rd7 Nxh1 25. Qxb7 Qxb7 26. Rxb7 Nhg3 27. Rb5 Ne2+ 28. Kf1 N2xc3 29. Rxa5 Nd2+ 30. Ke1 Ndb1 31. Bxc5 Rb8 32. Bd4 Ne4 33. Bxe4 fxe4 34. Ra7 g6 35. Rg7+ Kf8 36. Rxh7 Rb5 37. Rc7 1-0


[Site "https://www.chess.com"]

[Event "Titled Tuesday Blitz April 26 Late 2022"]
[White "Deac, Bogdan-Daniel"]
[Black "Baches Garcia, Guillermo"]
[WhiteFideId "1226380"]
[BlackFideId "2209764"]
[WhiteElo "2648"]
[BlackElo "2528"]
[Result "1-0"]
[Round "01"]
[TimeControl "180+1"]
[Date "2022.04.26"]
[WhiteClock "0:00:20"]
[BlackClock "0:00:12"]

1. d4 Nf6 2. c4 e6 3. Nc3 d5 4. Nf3 c5 5. cxd5 Nxd5 6. e3 cxd4 7. exd4 Nxc3 8. bxc3 Qc7 9. Bd2 Bd6 10. Bd3 Nd7 11. O-O O-O 12. Qe2 Nf6 13. Ne5 b6 14. Bg5 Bb7 15. Bxf6 gxf6 16. Qg4+ Kh8 17. Qh4 f5 18. Qf6+ Kg8 19. Rae1 Qe7 20. Qh6 f6 21. Nc4 Rad8 22. Bxf5 e5 23. Re3 Kh8 24. Rh3 Rf7 25. Re1 Rg8 26. Rg3 Rfg7 27. Nxd6 Qxd6 28. dxe5 Qc6 29. Qxf6 Qxg2+ 30. Rxg2 Bxg2 31. f4 1-0


[Site "https://www.chess.com"]

[Event "Titled Tuesday Blitz April 26 Late 2022"]
[White "Demchenko, Anton"]
[Black "Hirneise, Jens"]
[WhiteFideId "4160258"]
[BlackFideId "24614734"]
[WhiteElo "2539"]
[BlackElo "2359"]
[Result "1-0"]
[Round "01"]
[TimeControl "180+1"]
[Date "2022.04.26"]
[WhiteClock "0:00:31"]
[BlackClock "0:00:53"]

1. e4 c6 2. d4 d5 3. e5 Bf5 4. Bd3 Bxd3 5. Qxd3 Qa5+ 6. c3 Qa6 7. Qd1 e6 8. Ne2 c5 9. O-O Nc6 10. Be3 cxd4 11. cxd4 Nge7 12. Ng3 g6 13. Nd2 Bg7 14. Nf3 O-O 15. h4 Rac8 16. h5 Nb4 17. h6 Bh8 18. Bg5 Rfe8 19. a3 Nbc6 20. b4 Qb5 21. Rb1 Nb8 22. Nh2 Nd7 23. Ng4 Nf5 24. Nxf5 exf5 25. a4 Qc4 26. Ne3 Qa2 27. Ra1 Qb2 28. Nxd5 f6 29. exf6 Kf7 30. Qf3 Qe2 31. Qb3 Qc4 32. Qf3 Bxf6 33. Rac1 Qa2 34. Rxc8 Rxc8 35. Nxf6 1-0


[Site "https://www.chess.com"]

[Event "Titled Tuesday Blitz April 26 Late 2022"]
[White "Derraugh, Geordie"]
[Black "Raja Harshit"]
[WhiteFideId "2603950"]
[BlackFideId "5089000"]
[WhiteElo "2116"]
[BlackElo "2301"]
[Result "1/2-1/2"]
[Round "01"]
[TimeControl "180+1"]
[Date "2022.04.26"]
[WhiteClock "0:00:08"]
[BlackClock "0:00:04"]

1. e4 c5 2. c3 d6 3. d4 Nf6 4. dxc5 Nc6 5. cxd6 Nxe4 6. Nf3 Nxd6 7. Bd3 g6 8. O-O Bg7 9. Re1 O-O 10. Bg5 Bf5 11. Na3 Qb6 12. Bxf5 Nxf5 13. Nc4 Qc5 14. Qb3 h6 15. Bf4 g5 16. Be3 Nxe3 17. Nxe3 e6 18. Rad1 b5 19. h4 Rfd8 20. hxg5 hxg5 21. Qc2 a5 22. Qe4 a4 23. Qg4 Ne5 24. Nxe5 Qxe5 25. a3 Qf4 26. Qxf4 gxf4 27. Nc2 Bf6 28. Kf1 Kg7 29. Ke2 Kg6 30. Kf3 Kf5 31. g4+ fxg3 32. Ne3+ Kg6 33. fxg3 Bg5 34. Nc2 Bf6 35. Ne3 Rh8 36. Ng4 Bg7 37. Ne5+ Bxe5 38. Rxe5 Rab8 39. Rd4 Rb6 40. Rb4 Rhb8 41. Rc5 Kf6 42. Rc7 e5 43. g4 Ke6 44. Ke4 f6 45. Rg7 Rd6 46. Ke3 Kd5 47. c4+ Kc5 48. cxb5 Rxb5 49. Rc7+ Kb6 50. Rcc4 Rd5 51. Rxb5+ Kxb5 52. Rb4+ Ka5 53. Ke4 Rd2 54. Kf5 Rf2+ 55. Ke6 Rf4 56. g5 fxg5 57. Rb8 Rf2 58. Kxe5 g4 59. Kd4 g3 60. Kc5 Ka6 61. Ra8+ Kb7 62. Rxa4 Rc2+ 63. Kd6 g2 64. Rg4 Rxb2 65. Ke5 Rc2 66. Kf5 Rc5+ 67. Kg6 Rc8 68. Kf5 Rc2 69. Kg5 Kc6 70. Kh4 Kd5 71. Kh3 Ra2 72. Rxg2 Rxa3+ 73. Rg3 Ra4 74. Rg4 Re4 75. Rxe4 Kxe4 1/2-1/2


[Site "https://www.chess.com"]

[Event "Titled Tuesday Blitz April 26 Late 2022"]
[White "Djokic, Mihailo"]
[Black "Dudzinski, Pawel"]
[WhiteFideId "976440"]
[BlackFideId "1117890"]
[WhiteElo "2202"]
[BlackElo "2033"]
[Result "1-0"]
[Round "01"]
[TimeControl "180+1"]
[Date "2022.04.26"]
[WhiteClock "0:01:07"]
[BlackClock "0:00:04"]

1. e4 c6 2. d4 d5 3. e5 c5 4. dxc5 e6 5. Nf3 Bxc5 6. Bd3 Ne7 7. Nbd2 Nbc6 8. Nb3 Bb6 9. O-O Ng6 10. Re1 O-O 11. Be3 Bxe3 12. Rxe3 Qc7 13. Bxg6 fxg6 14. Nbd4 Nxd4 15. Nxd4 Bd7 16. c3 Rf7 17. g3 Raf8 18. f4 g5 19. f5 Rxf5 20. Nxf5 Rxf5 21. Qd4 b6 22. Rf1 g6 23. g4 Rxf1+ 24. Kxf1 Bb5+ 25. Kf2 Qc5 26. a4 Bd7 27. Rf3 Bxa4 28. b4 Qxd4+ 29. cxd4 Bb5 30. Rc3 Bc4 31. Ra3 a6 32. Kg3 Kf7 33. Rf3+ Ke7 34. Kf2 Ba2 35. Rc3 Bc4 36. Rh3 h5 37. gxh5 gxh5 38. Rxh5 g4 39. Rg5 a5 40. bxa5 bxa5 41. Rxg4 a4 42. Rg7+ Kf8 43. Ra7 Bb3 44. h4 Kg8 45. Kg3 Kf8 46. Kf4 a3 47. Rxa3 1-0


[Site "https://www.chess.com"]